 Dungeon Crawl Stone Soup version 0.16.1-18-g436b03c (webtiles) character file.

148 generalmotors the Chopper (level 5, -13/50 HPs)
             Began as a Deep Dwarf Berserker on May 11, 2015.
             Was a Follower of Trog.
             Mangled by a crimson imp
             ... wielding a +1 dagger of chaos
              (14 damage)
             ... on level 3 of the Dungeon.
             The game lasted 00:12:06 (4389 turns).

generalmotors the Chopper (Deep Dwarf Berserker)    Turns: 4389, Time: 00:12:07

Health: -13/50     AC: 15    Str: 22    XL:     5   Next: 8%
Magic:  14/14      EV:  7    Int:  7    God:    Trog [*.....]
Gold:   160        SH:  0    Dex: 12    Spells: 0 memorised, 4 levels left

rFire  . . .     SeeInvis .     a - +1 hand axe
rCold  . . .     Clarity  .     i - +0 plate armour
rNeg   . . .     SustAb   .     (no shield)
rPois  .         Gourm    .     (no helmet)
rElec  .         Spirit   .     h - +0 cloak
rCorr  .         Warding  .     (no gloves)
rMut   .         Stasis   .     b - +2 pair of boots
MR     .....                    (no amulet)
Stlth  ..........               (no ring)
                                e - ring of magical power

@: very slightly contaminated, non-regenerating, drained, not resistant to
hostile enchantments, extremely unstealthy
A: damage resistance, recharge devices, sense surroundings 1, slow healing 3
a: Device Recharging, Burn Spellbooks, Berserk, Renounce Religion


You were on level 3 of the Dungeon.
You worshipped Trog.
Trog was aware of your devotion.
You were not hungry.

You visited 1 branch of the dungeon, and saw 3 of its levels.

You collected 160 gold pieces.

Inventory:

Hand weapons
 a - a +1 hand axe (weapon)
Armour
 b - a +2 pair of boots (worn)
 h - a +0 cloak (worn)
 i - a +0 plate armour (worn)
Jewellery
 e - a ring of magical power (left hand)
Magical devices
 c - a wand of heal wounds (5)
Scrolls
 f - a scroll of remove curse
Books
 g - a book of Maledictions

   Spells                             Type                      Level
   a - Corona                         Hexes                        1
   b - Sure Blade                     Hexes/Charms                 2
   c - Ensorcelled Hibernation        Hexes/Ice                    2
   d - Confuse                        Hexes                        3
   e - Dazzling Spray                 Conjuration/Hexes            3
   f - Enslavement                    Hexes                        4
   Trog disapproves of the use of such an item.
Comestibles
 d - 3 bread rations


   Skills:
 + Level 3.7(3.5) Fighting
 + Level 4.4(4.2) Axes
 + Level 3.8(3.6) Armour
 - Level 2.2(2.0) Dodging


You had 4 spell levels left.
You didn't know any spells.

Dungeon Overview and Level Annotations

Branches:
Dungeon (3/15)

Altars:
Ashenzari
Elyvilon
Xom


Innate Abilities, Weirdness & Mutations

You are resistant to damage.
You can recharge devices by infusing magical energy.
You passively map a small area around you.
You do not heal naturally.


Message History

The crimson imp closely misses you.
You barely miss the crimson imp.
The crimson imp is lightly wounded.
The crimson imp hits you but does no damage.
You closely miss the crimson imp.
The crimson imp is lightly wounded.
The crimson imp blinks!
The crimson imp blinks!
There is an open door here.
The crimson imp blinks!
The crimson imp barely misses you.
The crimson imp hits you but does no damage.
You feel drained.
You hit the crimson imp.
The crimson imp is heavily wounded.
You hit the crimson imp but do no damage.
The crimson imp blinks!
The crimson imp hits you but does no damage.
You are electrocuted!
You die...

** # * . ####+####.*
#.......#.######
###._.###......## # *
#.......#..(....# ##
########'#####.....## ##.
.........§...###.#..###..
,
######.#@§.......##.....#
* *#.#5......#####..... *
* .....5..5..###...... ,
,* ##...................
#..............†.... ,
#.#..........#...... ,
#...#........#..##..
...##(...........##. , ,
# ......###..##


You could see 3 crimson imps.

Vanquished Creatures
  A crimson imp (D:3)
  4 adders
  A gnoll (D:1)
  3 worms
  An ooze (D:2)
  2 giant cockroaches (D:3)
  9 hobgoblins
  4 jackals (D:2)
  8 bats
  4 giant newts
  5 goblins
  7 kobolds
  2 rats
51 creatures vanquished.

Notes
Turn   | Place    | Note
--------------------------------------------------------------
     0 | D:1      | generalmotors, the Deep Dwarf Berserker, began the quest for the Orb.
     0 | D:1      | Reached XP level 1. HP: 20/20 MP: 1/1
   629 | D:1      | Reached XP level 2. HP: 26/28 MP: 2/2
  2355 | D:2      | Reached XP level 3. HP: 17/34 MP: 3/3
  2952 | D:2      | Reached skill level 4 in Axes
  3329 | D:2      | Reached XP level 4. HP: 7/42 MP: 4/4
  3380 | D:2      | Found a shattered altar of Ashenzari.
  3971 | D:3      | HP: 1/42 [worm (5)]
  4186 | D:3      | Found a white marble altar of Elyvilon.
  4325 | D:3      | Found a shimmering altar of Xom.
  4361 | D:3      | Reached XP level 5. HP: 1/50 MP: 5/5
  4389 | D:3      | Mangled by a crimson imp

Action                   |  1- 3 |  4- 6 || total
-------------------------+-------+-------++-------
Melee: Hand axe          |   148 |    98 ||   246
  Use: Scroll            |     5 |     3 ||     8
       Potion            |     2 |     2 ||     4
  Eat: Pizza             |     2 |       ||     2
       Meat ration       |     1 |     1 ||     2
       Chunk             |       |     2 ||     2
